 Dungeon Crawl Stone Soup version 0.28-a0-691-gad6df49e81 (webtiles) character file.

Game seed: 15850296092512813967

2352 Twinkles the Nimble (level 9, -2/39 HPs)
             Began as a Spriggan Enchanter on Oct 21, 2021.
             Was a High Priest of Ignis.
             Slain by a killer bee (8 damage)
             ... on level 7 of the Dungeon on Oct 22, 2021.
             The game lasted 01:02:01 (11748 turns).

Twinkles the Nimble (Spriggan Enchanter)           Turns: 11748, Time: 01:02:02

Health: -2/39      AC:  2    Str:  7    XL:     9   Next: 20%
Magic:  1/14       EV: 25    Int: 16    God:    Ignis [*****.]
Gold:   314        SH:  0    Dex: 22    Spells: 2/13 levels left

rFire   + . .      SeeInvis +   a - +1 dagger
rCold   . . .      Faith    .   (shield restricted)
rNeg    . . .      Spirit   .   f - +0 robe
rPois   +          Reflect  .   (helmet restricted)
rElec   .          Harm     .   (no cloak)
rCorr   .          Rampage  .   (gloves unavailable)
Will    +....                   (boots unavailable)
Stlth   ++++......              (no amulet)
HPRegen 0.13/turn               u - +6 ring of dexterity
MPRegen 0.14/turn               y - ring of poison resistance

@: very quick
A: very small, no large weapons, unfitting armour, see invisible, speed 3
a: Renounce Religion, Sea of Fire, Foxfire Swarm, Rising Flame


You were on level 7 of the Dungeon.
You worshipped Ignis.
Ignis was extremely pleased with you.
You visited 1 branch of the dungeon, and saw 7 of its levels.

You collected 314 gold pieces.

Inventory:

Hand Weapons
 a - a +1 dagger (weapon)
 b - a +0 hunting sling
 n - a +0 hand crossbow
Missiles
 e - 64 sling bullets
 o - 49 bolts
 s - 253 stones
 w - 11 poisoned darts
Armour
 f - a +0 robe (worn)
Jewellery
 u - a +6 ring of dexterity (left hand)
 y - a ring of poison resistance (right hand)
Wands
 d - a wand of digging (3)
 p - a wand of paralysis (4)
Scrolls
 c - a scroll of fog {unknown}
 i - a scroll of summoning {unknown}
 j - a scroll of vulnerability {unknown}
 k - 4 scrolls of teleportation {unknown}
 l - a scroll of torment {unknown}
 m - a scroll of amnesia {unknown}
 r - a scroll of fear {unknown}
 t - a scroll of noise {unknown}
 K - 2 scrolls of immolation
 Z - 2 scrolls of identify
Potions
 g - a potion of attraction {unknown}
 h - a potion of heal wounds {unknown}
 q - 3 potions of curing {unknown}
 v - a potion of magic {unknown}
 x - a potion of flight {unknown}
 B - 2 potions of brilliance
 H - a potion of haste
 I - a potion of invisibility
 M - a potion of might
 P - 3 potions of lignification


   Skills:
 + Level 7.2 Short Blades
 - Level 0.1 Slings
 + Level 8.9 Dodging
 - Level 8.0 Stealth
 - Level 2.6 Spellcasting
 + Level 1.6 Conjurations
 + Level 8.6 Hexes


You had 2 spell levels left.
You knew the following spells:

 Your Spells              Type           Power      Damage    Failure   Level
a - Ensorcelled Hibernat  Hex/Ice        32%        N/A       4%          2
b - Confusing Touch       Hex            29%        N/A       1%          3
c - Tukima's Dance        Hex            29%        N/A       1%          3
d - Dazzling Flash        Conj/Hex       36%        N/A       7%          3

Your spell library contained the following spells:

 Spells                   Type           Power      Damage    Failure   Level
 Gell's Gravitas          Tloc           1%         N/A       50%         3
 Lesser Beckoning         Tloc           2%         N/A       50%         3
 Teleport Other           Tloc           2%         N/A       50%         3


Dungeon Overview and Level Annotations

Branches:
Dungeon (7/15)             Temple (0/1) D:5

Altars:
Cheibriados
Fedhas
Hepliaklqana
Makhleb
Wu Jian
Zin
Ignis

Shops:
D:5 *

Annotations:
D:3 Grinder
D:4 Menkaure
D:6 Dowan, Duvessa


Innate Abilities, Weirdness & Mutations

You are very small and have problems with some larger weapons.
You are too small for most types of armour.
You have supernaturally acute eyesight. (SInv)
You cover ground extremely quickly. (Speed+++)


Message History

You hit the killer bee.
The killer bee is moderately wounded.
The killer bee barely misses you.
You barely miss the killer bee.
The killer bee is moderately wounded.
You feel sick. The killer bee closely misses you.
The killer bee completely misses you.
You miss the killer bee.
The killer bee is moderately wounded.
You feel sick.
You are no longer poisoned.
The killer bee stings you.
* * * LOW HITPOINT WARNING * * *
Casting: Dazzling Flash (dangerous; 7% risk of failure)
Confirm with . or Enter, or press ? or * to list all spells.
Okay, then.
Unknown command.
Casting: Dazzling Flash (dangerous; 7% risk of failure)
Confirm with . or Enter, or press ? or * to list all spells.
Aiming: Ensorcelled Hibernation (safe; 4% risk of failure)
Press: ? - help, Shift-Dir - straight line, f - killer bee
Aim: a killer bee (moderately wounded, chance to affect: 55%)
The killer bee resists with significant effort.
The killer bee stings you.
* * * LOW HITPOINT WARNING * * *
The killer bee closely misses you.
Casting: Ensorcelled Hibernation (safe; 4% risk of failure)
Confirm with . or Enter, or press ? or * to list all spells.
You don't have enough magic to cast this spell.
Unknown command.
Casting: Ensorcelled Hibernation (safe; 4% risk of failure)
Confirm with . or Enter, or press ? or * to list all spells.
Okay, then.
Unknown command.
Unknown command.
Okay, then.
Okay, then.
Unknown command.
The killer bee stings you!
You die...

#.# #........#
#.######## #........#
#....y.(.. +........#
#.######## #........#
#y# #........# #.#
#........# #.#
#........#
#y##########........##
#[.y.@................
####y.................
#..................
#...............^..
#..................
#..................
#..................
#..................
..........


You could see 3 killer bees.

Vanquished Creatures
  4 yaks (D:5)
  Edmund (D:4)
  2 necrophages
  A black bear (D:4)
  3 ogres
  2 sky beasts
  4 phantoms
  A wyvern skeleton (D:4)
  A killer bee (D:7)
  2 howler monkeys (D:5)
  An orc priest (D:5)
  2 hounds (D:6)
  A jelly (D:5)
  A gnoll shaman (D:5)
  2 iguanas
  2 orc wizards (D:5)
  A hound skeleton (D:5)
  7 gnolls
  7 adders
  A shadow imp (D:6)
  3 white imps
  A dart slug (D:3)
  13 orcs
  9 ball pythons
  3 endoplasms
  2 giant cockroaches
  9 goblins
  3 hobgoblins
  8 jackals
  3 kobolds
  2 quokkas
  4 bats
  5 frilled lizards
  5 rats
116 creatures vanquished.

Notes
Turn   | Place    | Note
-------+----------+-------------------------------------------
     0 | D:1      | Twinkles the Spriggan Enchanter began the quest for the
                  | Orb.
     0 | D:1      | Reached XP level 1. HP: 9/9 MP: 5/5
   142 | D:1      | Found a faded altar of an unknown god.
   229 | D:1      | Prayed at the altar of an unknown god.
   229 | D:1      | Became a worshipper of Ignis, the Dying Flame
   349 | D:1      | Reached XP level 2. HP: 13/13 MP: 6/6
   732 | D:1      | Reached skill level 5 in Stealth
  1251 | D:2      | Learned a level 2 spell: Ensorcelled Hibernation
  1420 | D:2      | Reached XP level 3. HP: 16/16 MP: 8/8
  2658 | D:2      | Reached XP level 4. HP: 18/21 MP: 1/9
  3181 | D:3      | Found a hazy altar of Hepliaklqana.
  3190 | D:3      | Noticed Grinder
  3248 | D:3      | Found a blossoming altar of Fedhas.
  3278 | D:3      | Learned a level 3 spell: Confusing Touch
  3752 | D:3      | You fall into a shaft and drop 3 floors!
  3770 | D:6      | Noticed a necrophage
  3790 | D:6      | Noticed an ogre
  3791 | D:6      | Noticed a sky beast
  3816 | D:5      | Entered Level 5 of the Dungeon
  3895 | D:5      | Noticed a sky beast
  3897 | D:5      | Found Zin's Purification Station.
  3900 | D:5      | Noticed a phantom
  3901 | D:5      | Found a glowing silver altar of Zin.
  3943 | D:4      | Noticed Menkaure
  4341 | D:3      | Reached XP level 5. HP: 15/24 MP: 10/10
  4959 | D:4      | Noticed a phantom
  5191 | D:4      | Noticed a phantom
  5300 | D:4      | Noticed Edmund
  5625 | D:4      | Found a burning altar of Makhleb.
  5868 | D:4      | Noticed a black bear
  6416 | D:4      | Reached skill level 5 in Hexes
  6422 | D:4      | Reached XP level 6. HP: 28/28 MP: 8/11
  6695 | D:4      | HP: 8/28 [wyvern skeleton (10)]
  7087 | D:4      | Reached skill level 5 in Dodging
  7159 | D:4      | HP: 8/28 [wyvern skeleton (6)]
  7614 | D:4      | Killed Edmund
  7615 | D:4      | Reached XP level 7. HP: 21/32 MP: 2/12
  7907 | D:5      | Found a snail-covered altar of Cheibriados.
  8364 | D:5      | HP: 7/30 [necrophage (6)]
  9018 | D:5      | Reached skill level 5 in Short Blades
  9109 | D:5      | Reached XP level 8. HP: 27/36 MP: 9/13
  9492 | D:5      | Found a staircase to the Ecumenical Temple.
  9643 | D:5      | Learned a level 3 spell: Tukima's Dance
  9647 | D:5      | Learned a level 3 spell: Dazzling Flash
  9903 | D:5      | Found an ornate altar of the Wu Jian Council.
 10250 | D:6      | Noticed Duvessa
 10250 | D:6      | Noticed Dowan
 10330 | D:6      | Noticed a komodo dragon
 10407 | D:6      | Reached skill level 1 in Conjurations
 10407 | D:6      | Reached XP level 9. HP: 39/39 MP: 10/14
 11741 | D:7      | HP: 9/39 [killer bee (4)]
 11748 | D:7      | Slain by a killer bee

Illustrated notes

Levels and vault maps discovered:
D:1:      zelgadis_glass_arrival_small, layout_basic,
          hellmonk_ecumenical_altar_blasted
D:2:      layout_basic, wad_orctagon
D:3:      layout_loops_ring, mainiacjoe_overflow_cross_hatched,
          mainiacjoe_overflow_chevrons, chequers_serial_rivers_room_a,
          uniq_grinder
D:4:      layout_loops_ring, lemuel_coloured_pillars_altar, uniq_edmund,
          uniq_menkaure
D:5:      layout_loops_cross, nzn_wu_jian_contemplation,
          mainiacjoe_overflow_six_doors_small, zin_purify,
          minmay_temple_entry_statues_pillars, hangedman_decor_diamond_cutter
D:6:      layout_loops_corners, uniq_duvessa
D:7:      layout_basic, mainiacjoe_overflow_concentric_impassable, uniq_harold,
          uniq_joseph

Skill      XL: |  1  2  3  4  5  6  7  8  9 |
---------------+----------------------------+-----
Dodging        | 3 4 5 6 8 |  8.9
Stealth        | 5 6 7 8 |  8.0
Short Blades   | 2 3 4 5 6 7 |  7.2
Hexes          | 4 5 6 8 |  8.6
Conjurations   | 1 |  1.6
Slings         | |  0.1
Spellcasting   | |  2.6

Action                   |  1- 3 |  4- 6 |  7- 9 || total
-------------------------+-------+-------+-------++-------
Melee: Dagger            |    83 |   113 |   150 ||   346
 Fire: Hunting sling     |    47 |     6 |       ||    53
Throw: Dart              |       |       |     2 ||     2
 Cast: Ensorcelled Hiber |    11 |    51 |    49 ||   111
       Confusing Touch   |       |     3 |    10 ||    13
       Dazzling Flash    |       |       |     2 ||     2
  Use: Scroll            |       |     3 |     1 ||     4
 Stab: Sleeping          |    15 |    31 |    21 ||    67
       Distracted        |       |     1 |     1 ||     2
       Confused          |       |     5 |    11 ||    16
Armor: Robe              |    10 |     5 |     2 ||    17
Dodge: Dodged            |    64 |    69 |    98 ||   231

Table legend: (Time is in decaauts)
 A = Elapsed time spent in this place.
 B = Non-inter-level travel time spent in this place.
 C = Inter-level travel time spent in this place.
 D = Time resting spent in this place.
 E = Time spent auto-exploring this place.
 F = Levels seen in this place.
 G = Mean time per level.
                   A        B        C        D        E       F      G
               +--------+--------+--------+--------+--------+-----+--------+
         Total |   8744 |   8321 |    423 |   2332 |   3568 |   7 | 1249.1 |
       Dungeon |   8744 |   8321 |    423 |   2332 |   3568 |   7 | 1249.1 |
               +--------+--------+--------+--------+--------+-----+--------+

Top non-repeatable levels by time:
     D:4: 2288 daAuts
     D:2: 1620 daAuts
     D:3: 1567 daAuts
     D:5: 1462 daAuts
     D:6: 1052 daAuts
     D:1: 693 daAuts
     D:7: 60 daAuts
